woodfighter, chaotic female dwarven Valkyrie --------- |.......| |.C@.OD@| |qE(@A.V| |q@A%.3.| | |DA@D.d.| | |. ----.---- .| |...52.E)2III.| ---....D.4..--- -----A----- 4.D45 353555 ...| 323354 ./.-- %A. ....-- .%. ...----%- ....%*A%@@ ----- woodfighter the Champion Experience level: 27 Strength: 25 Dexterity: 19 Constitution: 20 Intelligence: 9 Wisdom: 15 Charisma: 13 Health: 168(277) Energy: 65(65) Def: 36 Gold: 0 Moves: 39117 Dungeon seed: 12Ta-YbAGURNgDmb Game ID: woodfighter_1511475722 Your Inventory: Amulets R - a blessed amulet of reflection named reflection (being worn) Weapons a - the blessed rustproof +6 Excalibur u - a blessed +6 silver saber (alternate weapon; not wielded) x - the blessed rustproof +6 Mjollnir (in quiver) Armor e - a blessed greased +4 gray dragon scale mail (being worn) n - a blessed fireproof +4 cloak of displacement (being worn) r - a blessed greased fireproof +4 T-shirt (being worn) D - a blessed thoroughly rusty +4 helm of brilliance N - a cursed greased rustproof +3 helm of opposite alignment (being worn) U - a blessed thoroughly burnt +5 pair of speed boots (being worn) Y - an uncursed thoroughly rusty corroded +5 pair of gauntlets of power (being worn) Comestibles Z - a blessed lizard corpse Potions L - 4 blessed potions of full healing Rings v - a blessed rustproof ring of shock immunity (on left hand) G - a blessed ring of levitation Q - a blessed ring of free action (on right hand) Wands d - a blessed wand of digging (0:2) f - an uncursed wand of fire (0:4) g - a blessed wand of teleportation (0:6) h - a blessed wand of death (1:3) t - an uncursed wand of wishing (1:2) Tools b - a blessed rusty stethoscope j - a blessed magic lamp q - a blessed +0 unicorn horn s - a blessed bag of holding w - an uncursed magic whistle y - an uncursed skeleton key H - the blessed Orb of Fate (0:5) W - an uncursed towel Gems z - a blessed luckstone Contents of the bag of holding: an uncursed +0 mummy wrapping 19 uncursed K-rations a blessed lizard corpse an uncursed sprig of wolfsbane 5 blessed scrolls of blank paper 10 uncursed scrolls of blank paper a blessed scroll of gold detection a blessed scroll of remove curse a blessed potion of confusion 6 blessed potions of full healing 7 potions of holy water a blessed ring of teleport control an uncursed wand of death (0:7) a blessed wand of digging (0:8) an uncursed wand of digging (0:7) an uncursed wand of digging (0:6) an uncursed wand of digging (0:6) a blessed wand of digging (0:5) an uncursed wand of digging (0:5) an uncursed wand of digging (0:4) an uncursed wand of digging (0:4) an uncursed wand of digging (0:4) an uncursed wand of teleportation (0:6) an uncursed wand of teleportation (0:4) an uncursed wand of teleportation (0:4) an uncursed wand of teleportation (0:4) an uncursed wand of wishing (1:0) an uncursed can of grease (0:16) a blessed magic lamp an uncursed magic marker (0:94) an uncursed magic marker (0:43) a blessed rusty +0 pick-axe a blessed +0 unicorn horn a blessed +0 unicorn horn Spells and supernatural/magical abilities: Spells marked with '*' are forgotten. Spells marked with '!' are maintained. Spells marked with '#' are aliased with 'castalias'. Name Level Category Fail Memory W - pray for help -- divine ? -- Your skills at the end: Fighting Skills two weapon combat [Skilled] wands [Basic] Weapon Skills dagger [Basic] long sword [Skilled] saber [Basic] Spellcasting Skills Final Attributes: You were fire resistant. You were immune to cold. You were sleep resistant. You were immune to electricity. You were poison resistant. You were magic resistant. You saw invisible. You were telepathic. You were warned. You had infravision. You were visible. You were displaced. You were stealthy. Youd aggravate monsters. You were protected. You were slow. You had reflection. You had free action. You were lucky. You had extra luck. Good luck did not time out for you. You last prayed 26004 turns ago. You survived. Vanquished creatures: Asmodeus Baalzebub Orcus Yeenoghu Juiblex The Wizard of Yendor (10 times) Death (twice Pestilence a high priest 2 mastodons Medusa 5 iron golems a storm giant a titan a glass golem a balrog 9 purple worms a gray dragon a silver dragon 4 shimmering dragons 2 red dragons 4 white dragons 6 black dragons 7 blue dragons 31 minotaurs 5 jabberwocks Lord Surtur 7 baluchitheria an Angel Vlad the Impaler 7 stone golems 5 Olog-hai 9 pit fiends 3 sandestins 3 hell hounds 3 titanotheres 3 trappers a baby silver dragon a baby red dragon a baby black dragon 6 disenchanters 25 vampire lords 6 shades 5 skeletons 12 aligned priests 6 captains 3 clay golems 10 nurses 5 ice devils 4 nalfeshnees 10 lurkers above a frost giant 4 ettins a golden naga 3 black puddings 32 vampires 33 ghosts 7 lieutenants an archeologist a valkyrie 2 queen bees a mind flayer 7 giant mimics 7 zruties 28 fire giants 6 ogre kings 2 ice trolls 14 rock trolls 7 umber hulks 4 Elvenkings 5 doppelgangers 7 hezrous 17 bone devils 5 large mimics 6 wumpuses 6 fire vortices a baby long worm a baby purple worm 6 long worms 13 stalkers 25 air elementals 24 earth elementals 9 water elementals 7 hill giants 3 giant mummies 2 black nagas 6 xorns 19 giant zombies 11 elf-lords 23 sergeants 4 barbed devils 16 vrocks 5 salamanders 19 wargs 4 winter wolves 8 hell hound pups 9 small mimics 2 glass piercers 7 warhorses 10 steam vortices 12 xans 2 ettin mummies 11 ogre lords 9 quantum mechanics 34 trolls 6 wood golems 2 erinyes 2 mariliths 2 djinn 7 gelatinous cubes 3 pyrolisks 4 large dogs a freezing sphere 10 flaming spheres 4 shocking spheres 4 tigers 3 gargoyles a tengu 6 ochre jellies 11 leocrottas 8 energy vortices 4 mountain centaurs 5 stone giants 5 human mummies 3 red nagas 3 green slimes 11 pit vipers 3 pythons 11 cobras 45 wraiths 2 carnivorous apes 12 ettin zombies 2 leather golems 11 Grey-elves 53 soldiers 5 horned devils 9 incubi 6 chameleons 2 crocodiles 9 giant beetles 2 quivering blobs 10 cockatrices 27 wolves 4 winter wolf cubs 4 lynxes 2 panthers 65 gremlins a spotted jelly 42 leprechauns 4 orc-captains 4 iron piercers 2 mumakil 11 giant spiders 6 scorpions 6 horses an ice vortex 7 black lights 17 vampire bats 6 forest centaurs 7 orc mummies 3 dwarf mummies 5 ogres 5 brown puddings 8 rust monsters 11 owlbears 6 yetis 5 gold golems 3 werewolves 6 Green-elves 11 lizards a warrior 3 chickatrices 3 dogs 2 dingos 2 housecats 9 jaguars a dwarf lord 6 blue jellies 2 gray unicorns 2 black unicorns 6 dust vortices 9 ravens 6 plains centaurs 5 gnome mummies 7 snakes 13 apes 35 human zombies 3 rope golems 4 Woodland-elves 8 soldier ants 61 fire ants 25 bugbears an imp 3 lemures 11 quasits 4 wood nymphs 3 water nymphs 3 mountain nymphs 24 Mordor orcs 10 Uruk-hai 2 orc shamans a rock piercer 9 rock moles 2 ponies 3 fog clouds 7 yellow lights 3 shriekers 8 violet fungi 5 gnome lords 3 kobold mummies 4 red naga hatchlings 8 gray oozes 2 barrow wights 13 elf zombies 8 ghouls 2 straw golems 3 paper golems 11 giant ants 2 little dogs 11 floating eyes 7 kittens 3 dwarves 3 homunculi 3 kobold lords a kobold shaman 25 hill orcs 26 rothes 2 rabid rats a centipede 2 giant bats 2 monkeys 25 orc zombies 14 dwarf zombies 2 wererats a werejackal 9 iguanas 68 killer bees an acid blob 7 coyotes 2 gas spores a hobbit 15 manes 5 large kobolds 34 hobgoblins 9 giant rats 6 cave spiders a brown mold 3 yellow molds a green mold 7 red molds 24 gnomes a garter snake 21 gnome zombies 8 geckos 19 jackals 6 foxes 4 kobolds 10 goblins 9 sewer rats 14 grid bugs 4 bats 9 lichens 17 kobold zombies 13 newts 2138 creatures vanquished. Genocided species: mind flayers master mind flayers wood nymphs water nymphs mountain nymphs liches demiliches master liches arch-liches red naga hatchlings black naga hatchlings golden naga hatchlings guardian naga hatchlings red nagas black nagas golden nagas guardian nagas rust monsters disenchanters kobold zombies gnome zombies orc zombies dwarf zombies elf zombies human zombies ettin zombies giant zombies ghouls jellyfish piranhas sharks giant eels electric eels krakens 34 species genocided. Voluntary challenges: You used a wielded weapon 3217 times, starting on turn 15. You read items or engraved 80 times, starting on turn 7923. You genocided 34 types of monsters, starting on turn 19325. You never polymorphed an object. You never changed form. You used 6 wishes, starting on turn 8038. You did not wish for any artifacts. You split 1 pudding, starting on turn 27428. You wrote Elbereth's name 3 times, starting on turn 16051. You violated your moral code, losing 15 points of alignment, starting on turn 9289. Dungeon overview: The Dungeons of Doom: levels 1 to 26 Level 1 a fountain stairs to The Elemental Planes Level 2 an altar to Odin, a fountain Level 3 a general store, a fountain stairs to The Gnomish Mines Level 4 (box) some fountains Level 5 some fountains Level 6 a scroll shop stairs to Sokoban Level 7 a fountain Level 8 a sink Level 9 ( ) Level 10 some altars to Tyr, a fountain Level 11 (big room) portal to The Quest Level 12 (leprechauns) Level 13 (main stash) an altar to Tyr, a vault Level 14 Level 15 (rogue) Level 16 a fountain, a vault Level 17 a fountain Level 18 (bones) a sink Level 19 Level 20 Level 21 (throne) a throne Level 22 (vault) a fountain, a vault Level 23 Level 24 (medusa) Level 25 Level 26 a fountain, a throne Gehennom: levels 27 to 46 Level 27 a temple to Moloch stairs to The Dungeons of Doom Level 28 Level 29 Level 30 Level 31 a fountain Level 32 Level 33 Level 34 Level 35 Level 36 some shops, an altar to Moloch stairs to Vlad's Tower Level 37 (wizard top) Level 38 Level 39 portal to Gehennom Level 40 Level 41 Level 42 Level 43 portal to Gehennom Level 44 Level 45 Level 46 a high altar, a temple to Moloch The Gnomish Mines: levels 4 to 11 Level 4 stairs to The Dungeons of Doom Level 5 Level 6 Level 7 ( ) many shops, a temple to Loki, some fountains Level 8 Level 9 Level 10 Level 11 a fountain The Quest: levels 1 to 6 Level 1 a fountain portal to The Dungeons of Doom Level 2 Level 3 Level 4 Level 5 Level 6 Sokoban: levels 2 to 5 Level 2 Level 3 Level 4 Level 5 (stash) stairs to The Dungeons of Doom Vlad's Tower: levels 33 to 35 Level 33 Level 34 Level 35 (invocation items) stairs to Gehennom The Elemental Planes: Astral Plane <- You were here a high altar Plane 4 portal to The Elemental Planes Plane 3 portal to The Elemental Planes Plane 2 portal to The Elemental Planes Plane 1 portal to The Elemental Planes History has recorded: On T:1 you entered the Dungeons of Doom to retrieve the Amulet of Yendor! On T:358 you reached level 2 of The Dungeons of Doom. On T:513 you advanced to experience level 2. On T:984 you reached level 3 of The Dungeons of Doom. On T:1058 you advanced to experience level 3. On T:1215 you reached level 4 of The Dungeons of Doom. On T:1253 you reached level 1 of The Gnomish Mines. On T:2017 you advanced to experience level 4. On T:2046 you reached level 5 of The Dungeons of Doom. On T:2440 you reached level 6 of The Dungeons of Doom. On T:2517 you reached level 7 of The Dungeons of Doom. On T:2938 you reached level 4 of Sokoban. On T:3119 you advanced to experience level 5. On T:3266 you advanced to experience level 6. On T:3749 you reached level 3 of Sokoban. On T:4734 you reached level 2 of Sokoban. On T:5159 you reached level 1 of Sokoban. On T:6128 you advanced to experience level 7. On T:6595 you reached level 2 of The Gnomish Mines. On T:6876 you reached level 3 of The Gnomish Mines. On T:7075 you reached level 4 of The Gnomish Mines. On T:7387 you reached level 5 of The Gnomish Mines. On T:7785 you reached level 6 of The Gnomish Mines. On T:7951 you reached level 7 of The Gnomish Mines. On T:8038 you wished for "+3 blessed greased fixed gray dragon scale mail". On T:8501 you advanced to experience level 8. On T:8998 you reached level 8 of The Gnomish Mines. On T:10220 you reached level 8 of The Dungeons of Doom. On T:10676 you reached level 9 of The Dungeons of Doom. On T:10808 you reached level 10 of The Dungeons of Doom. On T:11043 you reached level 11 of The Dungeons of Doom. On T:11602 you advanced to experience level 9. On T:11661 you reached level 12 of The Dungeons of Doom. On T:12815 you reached level 13 of The Dungeons of Doom. On T:12837 you reached level 14 of The Dungeons of Doom. On T:12879 you reached level 15 of The Dungeons of Doom. On T:13123 you advanced to experience level 10. On T:13960 you reached level 16 of The Dungeons of Doom. On T:14417 you reached level 17 of The Dungeons of Doom. On T:14763 you reached level 18 of The Dungeons of Doom. On T:15525 you reached level 19 of The Dungeons of Doom. On T:15932 you advanced to experience level 11. On T:16162 you reached level 1 of The Quest. On T:18329 you embarked upon an epic quest. On T:18423 you reached level 2 of The Quest. On T:18603 you reached level 3 of The Quest. On T:18703 you reached level 4 of The Quest. On T:18799 you reached level 5 of The Quest. On T:18909 you reached level 6 of The Quest. On T:18917 you advanced to experience level 12. On T:19024 you killed Lord Surtur on level 6 of The Quest. On T:19197 you completed the quest! On T:19766 you advanced to experience level 13. On T:19802 you reached level 20 of The Dungeons of Doom. On T:20074 you reached level 21 of The Dungeons of Doom. On T:20216 you reached level 22 of The Dungeons of Doom. On T:20400 you advanced to experience level 14. On T:20614 you reached level 23 of The Dungeons of Doom. On T:20815 you reached level 24 of The Dungeons of Doom. On T:21322 you advanced to experience level 15. On T:22314 you killed Medusa on level 25 of The Dungeons of Doom. On T:22699 you reached The Castle. On T:22878 you advanced to experience level 16. On T:23257 you advanced to experience level 17. On T:23476 you reached The Valley of the Dead. On T:23632 you advanced to experience level 18. On T:23937 you advanced to experience level 19. On T:24974 you wished for "2 fixed blessed scrolls of charging". On T:24980 you wished for "+3 blessed fixed greased cloak of displacement". On T:24982 you wished for "+3 blessed greased fixed T-Shirt". On T:25096 you reached level 2 of Gehennom. On T:25302 you reached level 3 of Gehennom. On T:25696 you killed Asmodeus in The Valley of the Dead. On T:26028 you reached level 4 of Gehennom. On T:26745 you reached level 5 of Gehennom. On T:26905 you advanced to experience level 20. On T:27323 you killed Juiblex on level 5 of Gehennom. On T:27563 you reached level 6 of Gehennom. On T:27716 you reached level 7 of Gehennom. On T:28224 you reached level 8 of Gehennom. On T:29103 you reached level 9 of Gehennom. On T:29606 you reached level 10 of Gehennom. On T:29846 you killed Baalzebub on level 8 of Gehennom. On T:30182 you wished for "blessed fixed ring of shock immunity". On T:30289 you reached level 3 of Vlad's Tower. On T:30384 you reached level 2 of Vlad's Tower. On T:30398 you reached level 1 of Vlad's Tower. On T:30509 you killed Vlad the Impaler on level 1 of Vlad's Tower. On T:30786 you advanced to experience level 21. On T:31103 you killed Orcus on level 10 of Gehennom. On T:31145 you reached level 11 of Gehennom. On T:31433 you reached level 12 of Gehennom. On T:31809 you reached level 13 of Gehennom. On T:32014 you advanced to experience level 22. On T:32541 you reached level 14 of Gehennom. On T:32729 you reached level 15 of Gehennom. On T:33574 you reached level 16 of Gehennom. On T:33998 you killed Yeenoghu on level 16 of Gehennom. On T:34203 you reached level 17 of Gehennom. On T:34864 you reached level 18 of Gehennom. On T:35454 you reached level 19 of Gehennom. On T:36483 you advanced to experience level 23. On T:36488 you advanced to experience level 24. On T:36489 you advanced to experience level 25. On T:36820 you advanced to experience level 26. On T:37042 you killed Wizard of Yendor on level 11 of Gehennom. On T:37057 you killed Wizard of Yendor on level 11 of Gehennom. On T:37214 you performed the invocation. On T:37215 you reached level 20 of Gehennom. On T:37405 you killed high priestess of Moloch on level 20 of Gehennom. On T:37410 you gained the Amulet of Yendor! On T:37717 you advanced to experience level 27. On T:37872 you killed Wizard of Yendor on level 2 of Gehennom. On T:37876 you killed Wizard of Yendor on level 2 of Gehennom. On T:37932 you lost the Amulet of Yendor. On T:37932 you gained the Amulet of Yendor! On T:38689 you reached the Plane of Earth. On T:38691 you killed Wizard of Yendor on the Plane of Earth. On T:38693 you killed Wizard of Yendor on the Plane of Earth. On T:38783 you killed Wizard of Yendor on the Plane of Earth. On T:38786 you killed Wizard of Yendor on the Plane of Earth. On T:38819 you reached the Plane of Air. On T:38866 you killed Wizard of Yendor on the Plane of Air. On T:38908 you reached the Plane of Fire. On T:38962 you reached the Plane of Water. On T:39031 you reached the Astral Plane. On T:39055 you killed Death on the Astral Plane. On T:39073 you killed Death on the Astral Plane. On T:39105 you wished for "+3 blessed fixed greased helm of opposite alignment". On T:39117 you lost the Amulet of Yendor. On T:39117 you offered the Amulet of Yendor to Loki and ascended to the status of Demigoddess! Score breakdown: Gold: 0 ( 0 points) Experience: 27 levels (28405 points) Exploration: 46 levels (100.00%) (30000 points) Discoveries: 129 items ( 51.81%) (21593 points) Valuables value: 150 ( 7412 points) Artifact value: 11500 (13813 points) Variety of kills: 264 monsters ( 69.47%) (25005 points) Turncount: 39117 turns (-4393 points) Survival: ascended (score multiplied by 200%) Total score: 243670 Latest messages: The Angel of Odin swings his long sword at you. The Angel of Odin misses. The Angel of Odin swings his long sword at you. The Angel of Odin hits! (2x) The Angel of Odin misses. The ogre queen zaps a wand of lightning! The bolt of lightning whizzes by you! The bolt of lightning hits the Angel of Loki! The Angel of Loki is blinded by the flash! The Angel of Loki doesn't feel shocked. The bolt of lightning hits the Angel of Loki! The Angel of Loki is blinded by the flash! The Angel of Loki doesn't feel shocked. The red dragon is caught in the ball of lightning! The Angel of Loki is caught in the ball of lightning! You offer the Amulet of Yendor to Loki... An invisible choir sings, and you are bathed in radiance... The voice of Loki thunders: "Congratulations, mortal!" "In return for thy service, I grant thee the gift of Immortality!" You ascend to the status of Demigoddess... Final status: Farvel woodfighter the Demigoddess, ascended... You went to your reward with 243670 points, Excalibur (worth 4000 zorkmids) Mjollnir (worth 4000 zorkmids) The Orb of Fate (worth 3500 zorkmids) 1 amulet of reflection (worth 150 zorkmids), and 0 pieces of gold, after 39117 moves. You were level 27 with a maximum of 277 hit points when you ascended.